 Dungeon Crawl Stone Soup version bcrawl-1.21.3-2-g9d8a61a446 (console) character file.

Game seed: 17027486476800298729

259 Kagalorn the Ducker (level 5, -2/46 HPs)
             Began as a Minotaur Archaeologist on Apr 20, 2020.
             Was an Initiate of Okawaru.
             Slain by a centaur (6 damage)
             ... on level 4 of the Dungeon.
             The game lasted 00:09:23 (3669 turns).

Kagalorn the Ducker (Minotaur Archaeologist)        Turns: 3669, Time: 00:09:24

Health: -2/46      AC:  6    Str: 16    XL:     5   Next: 95%
Magic:  4/4        EV: 13    Int: 11    God:    Okawaru [......]
Gold:   230        SH:  0    Dex:  9    Spells: 4/4 levels left

rFire    . . .     SeeInvis .   a - +5 lajatang (pain)
rCold    . . .     Gourm    .   (shield currently unavailable)
rNeg     . . .     Faith    .   b - +1 robe
rPois    .         Spirit   .   c - +1 hat
rElec    .         Reflect  .   (no cloak)
rCorr    .         Harm     .   (no gloves)
MR       +....                  d - +1 pair of boots
Stlth    ++........             (no amulet)
HPRegen  0.15/turn              k - ring of protection from magic
MPRegen  0.09/turn              (no ring)

@: no status effects
A: retaliatory headbutt, horns 2
a: Renounce Religion


You were on level 4 of the Dungeon.
You worshipped Okawaru.
Okawaru was noncommittal.
You were not hungry.

You visited 1 branch of the dungeon, and saw 4 of its levels.

You collected 230 gold pieces.

Inventory:

Hand Weapons
 a - a +5 lajatang of pain (weapon)
 u - a +1 dagger of venom
 v - a +4 hand axe of flaming
Armour
 b - a +1 robe (worn)
 c - a +1 hat (worn)
 d - a +1 pair of boots (worn)
 n - a cursed +0 medium shield
Jewellery
 k - a ring of protection from magic (left hand)
Wands
 w - a wand of polymorph (5)
Scrolls
 g - a scroll of magic mapping
 i - 2 scrolls of remove curse {unknown}
 m - a scroll of teleportation
 o - 3 scrolls of fear {unknown}
 p - 2 scrolls of enchant armour {unknown}
Potions
 h - 2 potions of mutation
 q - a potion of flight
 r - a potion of curing
Comestibles
 e - 11 rations {!d}


   Skills:
 * Level 3.8 Fighting
   Level 3.7 Maces & Flails
 + Level 0.2(2.2) Staves
 * Level 3.5 Armour
 - Level 4.0 Dodging
 - Level 3.0 Stealth
 + Level 0.0 Invocations


You had 4 spell levels left.
You didn't know any spells.
Your spell library was empty.

Dungeon Overview and Level Annotations

Branches:
Dungeon (4/12)
 Temple: D:4-7

Altars:
Okawaru


Innate Abilities, Weirdness & Mutations

You reflexively headbutt those who attack you in melee.
You have a pair of horns on your head.


Message History

The centaur unwields a +0 shortbow.
The centaur closely misses you.
The centaur hits you but does no damage.
You hit the centaur.
The centaur is lightly wounded.
The centaur closely misses you.
You barely miss the centaur. You headbutt the centaur.
The centaur is moderately wounded.
The centaur closely misses you. The centaur hits you.
You barely miss the centaur.
The centaur is moderately wounded.
The centaur hits you.
* * * LOW HITPOINT WARNING * * *
The centaur hits you.
* * * LOW HITPOINT WARNING * * *
You hit the centaur.
The centaur is moderately wounded.
The centaur hits you.
* * * LOW HITPOINT WARNING * * *
The centaur hits you.
You die...

#........##
#.........##
...........#
...........##
##..........##
##.....###..##
#.##### ##..##
## ######..#
#.%...@.#
#......c.#
#.........#
............#
............#
............#
..........$>#
.......?....#


You could see a centaur.

Vanquished Creatures
  Ijyb (D:3)
  2 orc wizards
  3 adders (D:3)
  5 gnolls (D:3)
  2 oozes (D:3)
  An adder zombie (D:3)
  3 worms
  A dart slug (D:3)
  4 leopard geckos
  3 orcs
  A ball python (D:1)
  6 giant cockroaches
  11 hobgoblins
  6 jackals
  A quokka (D:2)
  4 bats (D:1)
  3 frilled lizards
  7 goblins
  11 kobolds
  2 rats
77 creatures vanquished.

Notes
Turn   | Place    | Note
-------+----------+-------------------------------------------
     0 | D:1      | Kagalorn the Minotaur Archaeologist began the quest for the
                  | Orb.
     0 | D:1      | Reached XP level 1. HP: 16/16 MP: 0/0
   179 | D:1      | Reached XP level 2. HP: 23/23 MP: 1/1
   261 | D:1      | Reached skill level 1 in Armour
   699 | D:1      | Reached XP level 3. HP: 29/29 MP: 2/2
  1924 | D:2      | Reached XP level 4. HP: 27/37 MP: 3/3
  2119 | D:3      | Reached skill level 4 in Dodging
  2472 | D:3      | Reached XP level 5. HP: 23/45 MP: 4/4
  2472 | D:3      | Identified a scroll of acquirement
  2960 | D:3      | Noticed Ijyb
  3002 | D:3      | Killed Ijyb
  3518 | D:3      | Found an iron altar of Okawaru.
  3581 | D:3      | Became a worshipper of Warmaster Okawaru
  3655 | D:4      | Noticed a centaur
  3669 | D:4      | Slain by a centaur

Skill      XL: |  1  2  3  4  5 |
---------------+----------------+-----
Armour         | 1 2 3 |  3.5
Fighting       | 2 3 |  3.8
Stealth        | 3 |  3.0
Maces & Flails | 2 3 |  3.7
Dodging        | 4 |  4.0
Staves         | |  0.2

Action                   |  1- 3 |  4- 6 || total
-------------------------+-------+-------++-------
Melee: Whip              |   161 |   131 ||   292
       Headbutt          |    21 |    16 ||    37
       Lajatang          |       |    12 ||    12
       Unarmed           |       |     8 ||     8
  Use: Scroll            |       |     5 ||     5
 Stab: Sleeping          |     5 |     1 ||     6
  Eat: Chunk             |     2 |     7 ||     9
Armor: Robe              |    40 |    42 ||    82
       Skin              |       |     1 ||     1
Dodge: Dodged            |   106 |   103 ||   209
